 Dungeon Crawl Stone Soup version 0.28.0-53-g5a82cb258f (webtiles) character file.

Game seed: 12463844861699272339

6890 Zeld the Ogre Mage (level 11, -6/88 HPs)
             Began as an Ogre Fire Elementalist on July 29, 2022.
             Was a Priest of Vehumet.
             Mangled by a freezing wraith (13 damage)
             ... in an ice cave.
             The game lasted 00:17:18 (16367 turns).

Zeld the Ogre Mage (Ogre Fire Elementalist)        Turns: 16367, Time: 00:17:18

Health: -6/88      AC:  8    Str: 14    XL:     11   Next: 6%
Magic:  15/33      EV: 11    Int: 20    God:    Vehumet [***...]
Gold:   516        SH:  0    Dex: 12    Spells: 13/29 levels left

rFire   + . .      SeeInvis .   (no weapon)
rCold   . . .      Faith    .   (no shield)
rNeg    . . .      Spirit   .   a - +4 robe of Compression {Dex+3}
rPois   .          Reflect  .   (helmet restricted)
rElec   .          Harm     .   d - +0 cloak of Muemaeca {MP+9}
rCorr   .          Rampage  .   (gloves unavailable)
Will    +....                   (boots unavailable)
Stlth   +++.......              (no amulet)
HPRegen 0.24/turn               e - ring of protection from fire
MPRegen 0.23/turn               (no ring)

@: no status effects
A: large, unfitting armour, tough skin 1
a: Renounce Religion


You were in an ice cave.
You worshipped Vehumet.
Vehumet was most pleased with you.
You visited 3 branches of the dungeon, and saw 13 of its levels.
You also visited: Ice Cave.

You collected 687 gold pieces.
You spent 171 gold pieces at shops.

Inventory:

Armour
 a - the +4 robe of Compression (worn) {Dex+3}
   (You took it off a centaur on level 9 of the Dungeon)

   Dex:       It affects your dexterity (+3).
 d - the +0 cloak of Muemaeca (worn) {MP+9}
   (You found it on level 10 of the Dungeon)

   MP:        It affects your magic capacity (+9).
Jewellery
 e - a ring of protection from fire (left hand)
Wands
 g - a wand of paralysis (1)
 r - a wand of polymorph (8)
 u - a wand of iceblast (16)
Scrolls
 c - a scroll of holy word
 k - 3 scrolls of teleportation
 l - 5 scrolls of enchant weapon
 q - a scroll of silence
 v - 2 scrolls of amnesia
Potions
 f - a potion of ambrosia
 h - 2 potions of curing
 i - 2 potions of berserk rage
 m - 4 potions of might
 n - a potion of haste
 o - 3 potions of cancellation
 p - a potion of invisibility
 t - a potion of resistance


   Skills:
 + Level 5.8 Dodging
 + Level 5.2 Stealth
 * Level 9.6 Spellcasting
 + Level 5.4 Conjurations
 - Level 2.0 Hexes
 - Level 2.0 Transmutations
 * Level 8.2 Fire Magic
 - Level 2.0 Air Magic
 - Level 2.0 Poison Magic


You had 13 spell levels left.
You knew the following spells:

 Your Spells              Type           Power      Damage    Failure   Level
a - Foxfire               Conj/Fire      100%       2x1d9     1%          1
b - Scorch                Fire           84%        2d9       1%          2
c - Inner Flame           Hex/Fire       30%        N/A       1%          3
d - Flame Wave            Conj/Fire      36%        2d9       1%          4
q - Mephitic Cloud        Conj/Pois/Air  22%        N/A       1%          3
w - Ignite Poison         Fire/Tmut/Pois 26%        N/A       1%          3

Your spell library contained the following spells:

 Spells                   Type           Power      Damage    Failure   Level
 Searing Ray              Conj           62%        2d6       1%          2
 Magic Dart               Conj           100%       1d8       1%          1
 Poisonous Vapours        Pois/Air       34%        N/A       1%          2
 Conjure Flame            Conj/Fire      36%        6-21      1%          3
 Stone Arrow              Conj/Erth      40%        3d9       1%          3
 Sticky Flame             Conj/Fire      36%        2d6       1%          4
 Freeze                   Ice            36%        1d6       2%          1
 Sandblast                Erth           18%        2d7       2%          1
 Sting                    Tmut/Pois      68%        1d6       3%          1
 Frozen Ramparts          Ice            18%        1d3       6%          3
 Hailstorm                Conj/Ice       20%        3d6       7%          4
 Passwall                 Tmut/Erth      10%        N/A       8%          2
 Olgreb's Toxic Radiance  Pois           17%        N/A       9%          4
 Confusing Touch          Hex            17%        N/A       10%         3
 Call Imp                 Summ           9%         N/A       11%         2
 Gell's Gravitas          Tloc           9%         N/A       22%         3
 Lesser Beckoning         Tloc           9%         N/A       22%         3
 Teleport Other           Tloc           9%         N/A       22%         3
 Yara's Violent Unravell  Hex/Tmut       8%         3d5       22%         5
 Ice Form                 Ice/Tmut       13%        N/A       43%         4
 Summon Ice Beast         Ice/Summ       9%         N/A       58%         4
 Dispersal                Tloc           4%         N/A       100%        6
 Enfeeble                 Hex            8%         N/A       100%        7


Dungeon Overview and Level Annotations

Branches:
Dungeon (11/15)            Temple (1/1) D:5            Lair (1/6) D:9
    Orc (0/2) D:9           IceCv (1/1)

Altars:
Ashenzari
Cheibriados
Dithmenos
Elyvilon
Fedhas
Gozag
Hepliaklqana
Kikubaaqudgha
Makhleb
Nemelex Xobeh
Okawaru
Qazlal
Ru
Sif Muna
Trog
Uskayaw
Vehumet
Wu Jian
Xom
Yredelemnul
Zin
The Shining One
Beogh

Shops:
D:8 *[[[   D:9 (

Annotations:
D:8 2 transporters, MiltankisOP's ghost, novice OpMo
D:10 Snorg


Innate Abilities, Weirdness & Mutations

You are too large for most types of armour.
You have tough skin. (AC +1)


Message History

Casting: Inner Flame (safe; 1% risk of failure)
Confirm with . or Enter, or press ? or * to list all spells.
Flames lash the white imp.
The white imp is burned terribly!
The white imp is almost dead.
The white imp's fire resistance burns away.
Casting: Scorch (safe; 1% risk of failure)
Confirm with . or Enter, or press ? or * to list all spells.
Flames lash the freezing wraith.
The freezing wraith is burned terribly!
The freezing wraith is heavily damaged.
The freezing wraith's fire resistance burns away.
A white imp comes into view.
Unknown command.
Casting: Scorch (safe; 1% risk of failure)
Confirm with . or Enter, or press ? or * to list all spells.
Flames lash the freezing wraith.
The freezing wraith is burned terribly!
The freezing wraith is severely damaged.
A cane toad simulacrum comes into view.
The white imp misses you.
Unknown command.
Casting: Scorch (safe; 1% risk of failure)
Confirm with . or Enter, or press ? or * to list all spells.
Flames lash the white imp.
The white imp is burned terribly!
You kill the white imp!
Vehumet accepts your kill.
The white imp shouts, "Escape, thou puking swag-bellied prigger-of-prances!"
Unknown command.
Casting: Scorch (safe; 1% risk of failure)
Confirm with . or Enter, or press ? or * to list all spells.
Flames lash the freezing wraith but do no damage.
The freezing wraith hits you! The freezing wraith freezes you!!
* * * LOW HITPOINT WARNING * * *
The freezing wraith hits you but does no damage.
Unknown command.
Casting: Scorch (safe; 1% risk of failure)
Confirm with . or Enter, or press ? or * to list all spells.
Flames lash the freezing wraith but do no damage.
The freezing wraith hits you.
* * * LOW HITPOINT WARNING * * *
The freezing wraith freezes you!
You die...

#### ##..##
##....### #
#....☼.°##....
#.∩.@W.☼Z...#
#....○.5...##
##....##..##
##..## ###
####


You could see a freezing wraith (combustible), a white imp and a cane toad
simulacrum.

Vanquished Creatures
  Erolcha (D:9)
  A two-headed ogre (D:9)
  A centaur zombie (D:10)
  A komodo dragon (D:9)
  2 trolls
  5 yaks (D:9)
  A steam dragon (D:8)
  An acid dragon (D:9)
  2 water moccasins
  3 orc warriors
  A sky beast (D:7)
  A black bear (D:5)
  A hornet zombie (D:5)
  2 ice beasts
  A necrophage (D:5)
  2 ogres
  3 centaurs
  A kobold brigand (D:9)
  2 bullfrogs
  A gnoll sergeant (D:10)
  A scorpion (D:5)
  2 two-headed ogre simulacra (D:11)
  3 cane toad simulacra (IceCv)
  2 elephant simulacra (IceCv)
  6 killer bees (D:10)
  5 wights (D:8)
  A howler monkey (D:5)
  4 centaur skeletons
  A hound (D:7)
  6 orc priests
  Ijyb (D:3)
  10 orc wizards
  3 polar bear simulacra (IceCv)
  2 spriggan simulacra (D:11)
  2 troll simulacra (IceCv)
  2 hound skeletons
  4 howler monkey zombies
  12 gnolls
  A howler monkey skeleton (D:7)
  5 adders
  3 shadow imps
  A white imp (IceCv)
  An ufetubus (D:2)
  An adder zombie (D:5)
  An adder skeleton (D:4)
  A worm (D:4)
  2 dart slugs
  34 orcs
  9 endoplasms
  A giant cockroach (D:3)
  7 goblins
  6 hobgoblins
  3 quokkas
  5 ball pythons
  2 bats
  A frilled lizard (D:1)
  8 kobolds
  6 rats
198 creatures vanquished.

Vanquished Creatures (others)
  89 foxfires
  52 plants
141 creatures vanquished.

Grand Total: 339 creatures vanquished

Notes
Turn   | Place    | Note
-------+----------+-------------------------------------------
     0 | D:1      | Zeld the Ogre Fire Elementalist began the quest for the
                  | Orb.
     0 | D:1      | Reached XP level 1. HP: 16/16 MP: 3/3
   155 | D:1      | Reached skill level 1 in Conjurations
   452 | D:1      | Reached XP level 2. HP: 11/24 MP: 2/5
   455 | D:1      | Learned a level 2 spell: Scorch
   903 | D:1      | Found a faded altar of an unknown god.
  1311 | D:2      | Reached XP level 3. HP: 18/31 MP: 0/7
  1322 | D:2      | Reached skill level 3 in Spellcasting
  1329 | D:2      | Learned a level 3 spell: Inner Flame
  2322 | D:3      | Noticed Ijyb
  2512 | D:3      | Killed Ijyb
  2513 | D:3      | Reached XP level 4. HP: 7/39 MP: 0/8
  3365 | D:3      | Reached XP level 5. HP: 45/45 MP: 5/10
  3370 | D:3      | Learned a level 4 spell: Flame Wave
  4734 | D:4      | Noticed an ogre
  4750 | D:4      | Killed an ogre
  4751 | D:4      | Reached skill level 4 in Spellcasting
  4751 | D:4      | Reached skill level 1 in Hexes
  4751 | D:4      | Reached XP level 6. HP: 53/53 MP: 5/12
  5007 | D:4      | Learned a level 3 spell: Ignite Poison
  5670 | D:5      | Entered Level 5 of the Dungeon
  6116 | D:5      | Reached XP level 7. HP: 59/59 MP: 3/14
  6524 | D:5      | Reached skill level 5 in Spellcasting
  6624 | D:5      | Learned a level 3 spell: Mephitic Cloud
  6834 | D:5      | Found a staircase to the Ecumenical Temple.
  6848 | Temple   | Entered the Ecumenical Temple
  7211 | Temple   | Became a worshipper of Vehumet
  7392 | D:5      | Reached XP level 8. HP: 27/67 MP: 3/16
  7396 | D:5      | Reached skill level 5 in Fire Magic
  8103 | D:6      | You fall into a shaft and drop 3 floors!
  8103 | D:9      | Noticed a komodo dragon
  8103 | D:9      | Found a staircase to the Lair.
  8120 | D:9      | Found a staircase to the Orcish Mines.
  8129 | D:9      | HP: 2/67 [komodo dragon (28)]
  8135 | D:9      | HP: 1/67 [bullfrog (2)]
  8472 | D:9      | Identified the +4 robe of Compression {Dex+3}
  8483 | D:9      | Reached skill level 6 in Spellcasting
  9120 | D:9      | Noticed a yak
  9154 | D:9      | Noticed a yak
  9154 | D:9      | Noticed a yak
  9154 | D:9      | Noticed a yak
  9163 | D:10     | Entered Level 10 of the Dungeon
  9394 | D:10     | Identified the +0 cloak of Muemaeca {MP+9}
 10337 | D:9      | Found Casys's Weapon Boutique.
 10365 | D:8      | Found Pestriaz's Antique Armour Boutique.
 10474 | D:7      | Reached XP level 9. HP: 63/74 MP: 19/19
 10596 | D:6      | Reached skill level 7 in Spellcasting
 10687 | D:6      | Reached * piety under Vehumet
 10687 | D:6      | Offered knowledge of Sandblast by Vehumet.
 10965 | D:6      | Found a sparkling altar of Nemelex Xobeh.
 11115 | D:6      | Found a sacrificial altar of Ru.
 12148 | D:8      | Noticed a six-headed hydra
 12150 | D:8      | Noticed MiltankisOP's ghost (novice OpMo)
 12152 | D:8      | Reached skill level 1 in Poison Magic
 12156 | D:8      | Reached skill level 1 in Transmutations
 12156 | D:8      | Reached skill level 1 in Air Magic
 12408 | D:8      | Found Eruitoock's Assorted Antiques.
 12482 | D:8      | Found a transporter.
 12483 | D:8      | Noticed a moth of wrath
 12503 | D:8      | Found a transporter.
 12635 | D:8      | Found Yjecw's Antique Armour Shoppe.
 12643 | D:8      | Bought a fine robe for 171 gold pieces
 12643 | D:8      | Identified the +1 robe of Bad Feelings {Harm} (You bought
                  | it in a shop on level 8 of the Dungeon)
 12666 | D:8      | Found Kirch's Armour Emporium.
 13099 | D:9      | Noticed a two-headed ogre
 13111 | D:9      | Killed a two-headed ogre
 13112 | D:9      | Reached skill level 5 in Dodging
 13112 | D:9      | Reached skill level 8 in Spellcasting
 13112 | D:9      | Reached XP level 10. HP: 48/81 MP: 9/22
 13484 | D:9      | Reached ** piety under Vehumet
 13595 | D:9      | Offered knowledge of Shock by Vehumet.
 13797 | D:9      | Noticed Erolcha
 13935 | D:9      | Killed Erolcha
 14379 | D:10     | Noticed Snorg
 14580 | Lair:1   | Entered Level 1 of the Lair of Beasts
 14580 | Lair:1   | Noticed a black mamba
 14758 | D:10     | Reached skill level 5 in Conjurations
 14998 | D:10     | Reached skill level 9 in Spellcasting
 15363 | D:10     | HP: 1/81 [troll (11)]
 15368 | D:10     | Reached skill level 5 in Stealth
 15901 | D:10     | Offered knowledge of Searing Ray by Vehumet.
 16273 | D:11     | Found a frozen archway.
 16281 | D:11     | Reached XP level 11. HP: 88/88 MP: 24/24
 16320 | IceCv    | Entered an ice cave
 16337 | IceCv    | Reached *** piety under Vehumet
 16367 | IceCv    | Mangled by a freezing wraith

Illustrated notes

Levels and vault maps discovered:
D:1:      dpeg_arrival_line_fractal, layout_basic,
          hellmonk_ecumenical_altar_pennies_from_heaven
D:2:      layout_basic, grunt_decor_one_mirror
D:3:      layout_loops_ring, nicolae_grassy_gnolls, uniq_ijyb
D:4:      layout_basic, minmay_between
D:5:      layout_basic, temple_fountains, roderic_serpentine_path,
          amcnicky_mini_pool_small, kennysheep_generic_room_16
D:6:      layout_loops_ring, nemelex_xobeh_ov_fountains_minmay,
          nicolae_ru_the_path_less_chosen
D:7:      layout_rooms, serial_curves, eino_curves_01, eino_curves_02,
          eino_curves_04, nicolae_figureground_pulse
D:8:      layout_rooms, gammafunk_ghost_berserking_beasts, serial_shops, shop,
          nicolae_shop_window_shopping, shop_statue, nicolae_take_the_stairs
D:9:      layout_roguey, david_lair_shrubbed, minmay_orc_entry_temple_small,
          serial_shops, shop, uniq_erolcha
D:10:     layout_cave_pods, uniq_snorg
D:11:     layout_gridville, portal_ice_cave_entry_ice_simulacra,
          lemuel_flamethrower_2
Temple:   mainiacjoe_temple_cubbyholes
Lair:1:   layout_cave_shapes, cheibrodos_lair_lostbears
IceCv:    ice_cave_small_necro

Skill      XL: |  1  2  3  4  5  6  7  8  9 10 |
---------------+-------------------------------+-----
Conjurations   | 1 2 3 4 5 |  5.4
Fire Magic     | 3 4 5 7 8 |  8.2
Spellcasting   | 3 4 5 6 8 9 |  9.6
Dodging        | 2 3 4 5 |  5.8
Stealth        | 2 3 4 5 |  5.2
Hexes          | 1 2 |  2.0
Poison Magic   | 2 |  2.0
Transmutations | 2 |  2.0
Air Magic      | 2 |  2.0

Action                   |  1- 3 |  4- 6 |  7- 9 | 10-12 || total
-------------------------+-------+-------+-------+-------++-------
Melee: Unarmed           |    41 |    19 |    36 |     1 ||    97
       Punch             |       |       |     1 |       ||     1
 Cast: Foxfire           |    29 |     4 |    18 |     5 ||    56
       Scorch            |    23 |    73 |   148 |    81 ||   325
       Inner Flame       |       |     1 |    11 |    16 ||    28
       Mephitic Cloud    |       |       |     2 |     3 ||     5
       Ignite Poison     |       |       |     2 |     3 ||     5
       Flame Wave        |       |       |     2 |     4 ||     6
Evoke: Wand              |       |       |     2 |       ||     2
  Use: Scroll            |       |       |    13 |     5 ||    18
       Potion            |       |       |     3 |     1 ||     4
Armor: Robe              |     8 |    21 |    37 |    17 ||    83
Dodge: Dodged            |    33 |    50 |    73 |    43 ||   199
